 Dungeon Sprint DCSS version 0.30-a0-304-gdc4b735fe1 (webtiles) character file.

Game seed: 4481603593134078233

3805 mhtbhm the Protected (level 9, 0/90 HPs)
             Began as an Armataur Fighter on Oct 21, 2022.
             Was an Elder of Makhleb.
             Slain by a cane toad (15 damage)
             ... in the Dungeon (Sprint IX: "|||||||||||||||||||||||||||||").
             The game lasted 00:03:06 (869 turns).

mhtbhm the Protected (Armataur Fighter)              Turns: 869, Time: 00:03:07

Health: 0/90       AC: 14    Str: 27    XL:     9   Next: 96%
Magic:  21/21      EV:  9    Int:  4    God:    Makhleb [****..]
Gold:   0          SH:  6    Dex: 12    Spells: 8/8 levels left

rFire   . . .      SeeInvis .    a - +2 scimitar "Xutronic" {vorpal, rPois MP+9 Int-4}
rCold   . . .      Faith    .    c - +0 buckler
rNeg    . . .      Spirit   .    b - +1 scale mail
rPois   +          Reflect  .    (no helmet)
rElec   .          Harm     .    (no cloak)
rCorr   .          Roll     +    m - +0 pair of gloves
Will    .....      NoTele   +    (no barding)
Stlth   +.........               (no amulet)
HPRegen 0.35/turn                n - +3 ring of dexterity
MPRegen 0.17/turn                o - +2 ring of protection

@: lethally poisoned (0 -> -10), slowed, very slow
A: large, rugged brown scales 3, deformed body, armoured tail, roll, long
tongue, awkward tongue
a: Renounce Religion, Minor Destruction, Lesser Servant of Makhleb, Major
Destruction


You were in the Dungeon.
You worshipped Makhleb.
Makhleb was greatly pleased with you.
You visited 1 branch

Inventory:

Hand Weapons
 a - the +2 scimitar "Xutronic" (weapon) {vorpal, rPois MP+9 Int-4}
   (You found it in the Dungeon)

   It inflicts extra damage upon your enemies.
   Int:       It affects your intelligence (-4).
   rPois:     It protects you from poison.
   MP:        It affects your magic capacity (+9).
Armour
 b - a +1 scale mail (worn)
 c - a +0 buckler (worn)
 m - a +0 pair of gloves (worn)
Jewellery
 n - a +3 ring of dexterity (left hand)
 o - a +2 ring of protection (right hand)
Wands
 l - a wand of iceblast (3)
Scrolls
 j - 5 scrolls of blinking
 k - 2 scrolls of amnesia
 p - 2 scrolls of enchant armour
 q - 2 scrolls of enchant weapon
Potions
 d - a potion of might
 e - 7 potions of curing
 f - a potion of haste
 g - 4 potions of heal wounds
 h - 4 potions of magic
 i - a potion of invisibility


   Skills:
 + Level 9.6 Fighting
 + Level 13.1 Long Blades
 + Level 13.3 Armour
 + Level 4.0 Dodging
 + Level 2.4 Stealth
 + Level 9.3 Shields
 * Level 4.4 Invocations
 + Level 3.4 Evocations


You had 8 spell levels left.
You didn't know any spells.
Your spell library was empty.

Dungeon Overview and Level Annotations

Branches:
Dungeon (1/1)

Altars:
Cheibriados
Dithmenos
Elyvilon
Fedhas
Gozag
Hepliaklqana
Kikubaaqudgha
Makhleb
Nemelex Xobeh
Okawaru
Qazlal
Ru
Sif Muna
Trog
Uskayaw
Vehumet
Wu Jian
Xom
Yredelemnul
Zin
The Shining One
Jiyva
Lugonu


Innate Abilities, Weirdness & Mutations

You are completely covered in rugged brown scales. (AC +3, +7% HP)
Armour fits poorly on your strangely shaped body.
You have a long armoured tail.
You roll when moving toward enemies. (Rampage)
Your long tongue fully drains potion bottles. (2x potion effects)
Your tongue gives you trouble enunciating. (1.5x scroll delay)


Message History

You hit the wyvern.
You kill the wyvern!
Makhleb accepts your kill.
You feel better. The cane toad closely misses you.
Unknown command.
You slash the cane toad!
You tail-slap the cane toad, but do no damage.
The cane toad is moderately wounded.
The cane toad stings you but does no damage.
Unknown command.
You hit the cane toad but do no damage.
The cane toad is moderately wounded.
The cane toad stings you.
Unknown command.
You hit the cane toad.
The cane toad is moderately wounded.
The cane toad completely misses you. You block the cane toad's attack.
Unknown command.
You hit the cane toad.
The cane toad is heavily wounded.
The cane toad stings you!
Unknown command.
You barely miss the cane toad.
You tail-slap the cane toad, but do no damage.
The cane toad is heavily wounded.
The cane toad stings you.
You are poisoned.
The cane toad poisons you! The cane toad stings you!!
* * * LOW HITPOINT WARNING * * *
You hit the cane toad. You tail-slap the cane toad.
The cane toad is severely wounded.
* * * LOW HITPOINT WARNING * * *
You feel very sick. The cane toad barely misses you.
Unknown command.
You hit the cane toad but do no damage.
The cane toad is severely wounded.
You feel very sick. The cane toad stings you!
You die...

▓.▓_▓
▓.▓.▓_▓
▓.▓.▓_▓
▓.▓.▓_▓
▓h▓.▓_▓
▓w▓.▓_▓
▓S▓.▓_▓
▓F▓.▓_▓
▓@▓.▓_▓
▓.▓.▓_▓
▓.▓.▓_▓
▓.▓.▓_▓
▓.▓.▓'▓
▓)▓.▓.▓
▓)▓.▓.▓
▓)▓.▓.▓
▓.▓.▓)▓


You could see a torpor snail, a polar bear, a cane toad and a water moccasin.

Vanquished Creatures
  A two-headed ogre (D)
  An orb spider (shapeshifter) (D)
  A cyclops (D)
  An ugly thing (D)
  An unseen horror (D)
  2 trolls (D)
  A slime creature (D)
  A wyvern (D)
  A yak (D)
  A vampire (D)
  A steam dragon (D)
  2 water moccasins (D)
  A bullfrog (D)
  A gnoll sergeant (D)
  2 necrophages (D)
  A hound (D)
  An orc wizard (D)
  An adder (D)
  A ball python (D)
  2 endoplasms (D)
  A quokka (D)
  A frilled lizard (D)
26 creatures vanquished.

Notes
Turn   | Place    | Note
-------+----------+-------------------------------------------
     0 | D        | mhtbhm the Armataur Fighter began the quest for the Orb.
     0 | D        | Reached XP level 1. HP: 19/19 MP: 1/1
    61 | D        | Noticed a gnoll sergeant
    61 | D        | Noticed a necrophage
    61 | D        | Noticed a necrophage
    61 | D        | Noticed a hound
    66 | D        | Killed a hound
    67 | D        | Reached skill level 5 in Armour
    67 | D        | Reached XP level 2. HP: 28/28 MP: 2/2
    67 | D        | Reached XP level 3. HP: 35/35 MP: 3/3
    69 | D        | Killed a necrophage
    70 | D        | Reached skill level 5 in Shields
    70 | D        | Reached XP level 4. HP: 43/43 MP: 4/4
    72 | D        | Killed a necrophage
    73 | D        | Reached skill level 5 in Fighting
    73 | D        | Reached XP level 5. HP: 52/52 MP: 5/5
    76 | D        | Reached skill level 1 in Dodging
    82 | D        | Reached skill level 5 in Long Blades
   300 | D        | Found a snail-covered altar of Cheibriados.
   300 | D        | Found a shadowy altar of Dithmenos.
   300 | D        | Found a white marble altar of Elyvilon.
   300 | D        | Found a blossoming altar of Fedhas.
   300 | D        | Found an opulent altar of Gozag.
   301 | D        | Found a hazy altar of Hepliaklqana.
   302 | D        | Found a viscous altar of Jiyva.
   303 | D        | Found an ancient bone altar of Kikubaaqudgha.
   304 | D        | Found a corrupted altar of Lugonu.
   305 | D        | Found a burning altar of Makhleb.
   306 | D        | Found a sparkling altar of Nemelex Xobeh.
   307 | D        | Found an iron altar of Okawaru.
   308 | D        | Found a stormy altar of Qazlal.
   309 | D        | Found a sacrificial altar of Ru.
   310 | D        | Found a shimmering blue altar of Sif Muna.
   311 | D        | Found a bloodstained altar of Trog.
   312 | D        | Found a hide-covered altar of Uskayaw.
   313 | D        | Found a radiant altar of Vehumet.
   314 | D        | Found an ornate altar of the Wu Jian Council.
   315 | D        | Found a shimmering altar of Xom.
   316 | D        | Found a basalt altar of Yredelemnul.
   317 | D        | Found a glowing silver altar of Zin.
   318 | D        | Found a glowing golden altar of the Shining One.
   329 | D        | Became a worshipper of Makhleb the Destroyer
   352 | D        | Got the +2 scimitar "Xutronic" {vorpal, rPois MP+9 Int-4}
   419 | D        | Noticed a two-headed ogre
   419 | D        | Noticed a troll
   419 | D        | Noticed a steam dragon
   419 | D        | Noticed a troll
   419 | D        | Noticed a yak
   426 | D        | Killed a yak
   427 | D        | Reached XP level 6. HP: 43/62 MP: 6/6
   438 | D        | Killed an unseen horror
   439 | D        | Reached skill level 10 in Armour
   439 | D        | Reached XP level 7. HP: 54/70 MP: 7/7
   449 | D        | Killed a troll
   449 | D        | Reached * piety under Makhleb
   450 | D        | Reached skill level 1 in Stealth
   454 | D        | Killed a steam dragon
   455 | D        | Reached XP level 8. HP: 20/79 MP: 8/8
   460 | D        | Killed a troll
   461 | D        | Reached skill level 10 in Long Blades
   463 | D        | Killed a two-headed ogre
   463 | D        | Reached ** piety under Makhleb
   632 | D        | Noticed a cyclops
   632 | D        | Noticed a slime creature
   632 | D        | Noticed a brown ugly thing
   632 | D        | Noticed a deep troll
   639 | D        | a deep troll changed into a moth of wrath
   639 | D        | Noticed a moth of wrath (shapeshifter)
   642 | D        | a moth of wrath changed into a mana viper
   642 | D        | Noticed a mana viper (shapeshifter)
   645 | D        | a mana viper changed into a glowing orange brain
   645 | D        | Noticed a glowing orange brain (shapeshifter)
   650 | D        | a glowing orange brain changed into an orb spider
   650 | D        | Noticed an orb spider (shapeshifter)
   652 | D        | Killed an orb spider
   653 | D        | Reached XP level 9. HP: 87/87 MP: 9/9
   662 | D        | Killed a brown ugly thing
   679 | D        | Reached *** piety under Makhleb
   688 | D        | Killed a cyclops
   839 | D        | Noticed a cane toad
   840 | D        | Noticed a torpor snail
   850 | D        | Noticed a polar bear
   852 | D        | Reached **** piety under Makhleb
   869 | D        | Slain by a cane toad

Illustrated notes

Levels and vault maps discovered:
D:        linesprint [early_d, line_temple, items_1, d_10, items_2, lair_1,
          lair_end, items_3, orc_1, orc_end, items_4, d_15, swamp_1, shoals_1,
          snake_1, spider_1, d_20, vaults_1, items_5, swamp_end, shoals_end,
          snake_end, spider_end, vaults_end, d_27, items_6, zot_1, zot_end,
          crypt_end, forest_end, elf_end, slime_end, tomb_end, abyss_end,
          pan_hell_end]

Skill      XL: |  1  2  3  4  5  6  7  8  9 |
---------------+----------------------------+-----
Fighting       | 4 5 6 7 8 9 |  9.6
Armour         | 5 6 7 9 10 11 12 13 | 13.3
Long Blades    | 2 3 4 6 8 9 11 13 | 13.1
Shields        | 4 5 6 7 8 9 |  9.3
Dodging        | 1 2 3 4 |  4.0
Stealth        | 1 2 |  2.4
Evocations     | 2 3 |  3.4
Invocations    | 4 |  4.4

Action                   |  1- 3 |  4- 6 |  7- 9 || total
-------------------------+-------+-------+-------++-------
Melee: Long sword        |    26 |    12 |       ||    38
       Tailslap          |     3 |     4 |    12 ||    19
       Scimitar          |       |    13 |   103 ||   116
Evoke: Wand              |       |     1 |     6 ||     7
  Use: Potion            |     1 |     2 |     2 ||     5
Armor: Scale mail        |    16 |     9 |    30 ||    55
Dodge: Dodged            |     5 |     4 |    19 ||    28
Block: Buckler           |     3 |     4 |    28 ||    35

Table legend: (Time is in decaauts)
 A = Elapsed time spent in this place.
 B = Non-inter-level travel time spent in this place.
 C = Inter-level travel time spent in this place.
 D = Time resting spent in this place.
 E = Time spent auto-exploring this place.
 F = Levels seen in this place.
 G = Mean time per level.
                   A        B        C        D        E       F      G
               +--------+--------+--------+--------+--------+-----+--------+
         Total |    858 |    858 |      0 |    471 |      0 |   1 |  858.0 |
       Dungeon |    858 |    858 |      0 |    471 |      0 |   1 |  858.0 |
               +--------+--------+--------+--------+--------+-----+--------+

Top non-repeatable levels by time:
       D: 858 daAuts
